GagarinX, chaotic male orcish Barbarian --------- |.......| ----- |.......| ----- ...| |..._...| |... ---------..-- |.......| --..--------- |.......|...-- | |.......| | --...|.......| |.......|....---..%. |. ----.---- .| ....---....|.......| |..@o...+.....-...... |......%......| ....../?$.[.)..._...| |.......|5...---...... ---.........--- ....[.---....|.......| |.....$.|.4.-- .... -----%----- .... --...|.......| ---------..-- -|- ..%. --|- --..--------- ...| ...------- %%.. ------[.. |... ----- .....%.).| )..) |....%)%). ----- -----...-- .... --...----- |....-- `.). --.... ---.%%----|----...- .%).)).%..%.... ------------- GagarinX the Reaver Experience level: 18 Strength: 25 Dexterity: 18 Constitution: 18 Intelligence: 12 Wisdom: 16 Charisma: 10 Health: 283(285) Energy: 33(33) Def: 34 Gold: 0 Moves: 33067 Dungeon seed: IvZoS_yd4N9_wtzn Game ID: GagarinX_1498758443 Your Inventory: Amulets y - an uncursed amulet of reflection (being worn) Weapons a - the blessed +7 Grayswandir (weapon in hand) C - an uncursed +4 silver saber (wielded in other hand) Armor n - a blessed greased +3 gray dragon scale mail (being worn) x - an uncursed thoroughly burnt +3 pair of speed boots (being worn) I - an uncursed greased rustproof +3 pair of gauntlets of power (being worn) P - a blessed thoroughly burnt +3 elven leather helm (being worn) U - a blessed fireproof +4 cloak of protection (being worn) Comestibles A - an uncursed lizard corpse O - an uncursed K-ration Spellbooks c - the cursed Book of the Dead Rings s - an uncursed +3 ring of protection M - a blessed greased fireproof ring of free action (on left hand) T - an uncursed ring of conflict X - a blessed greased ring of levitation Wands e - a cursed wand of death (0:0) l - an uncursed wand of secret door detection (0:9) w - an uncursed wand of cancellation (1:3) D - an uncursed wand of fire (0:6) G - an uncursed wand of lightning (0:7) H - an uncursed wand of digging (0:5) J - an uncursed wand of create monster (0:15) R - a cursed wand of teleportation (0:0) S - an uncursed wand of create monster (0:11) V - a cursed wand of digging (0:3) Y - an uncursed wand of death (0:2) Tools g - the cursed Candelabrum of Invocation (7 candles attached) (0:28) k - an uncursed skeleton key m - an uncursed stethoscope o - an uncursed magic marker (1:36) u - a blessed bag of holding v - an uncursed towel K - the uncursed Bell of Opening (0:2) L - an uncursed +0 unicorn horn Z - the blessed greased rustproof Master Key of Thievery Gems q - a blessed touchstone r - an uncursed ruby z - the blessed Heart of Ahriman Contents of the bag of holding: 622 gold pieces an uncursed amulet of life saving an uncursed amulet of life saving an uncursed amulet of life saving an uncursed amulet of life saving a blessed +1 shield of reflection 3 uncursed C-rations 8 uncursed K-rations 5 uncursed food rations an uncursed fortune cookie 3 uncursed lembas wafers 3 uncursed lizard corpses 8 uncursed lumps of royal jelly an uncursed pancake 2 uncursed slime molds an uncursed tripe ration an uncursed scroll of charging an uncursed scroll of confuse monster a cursed scroll of confuse monster a blessed scroll of create monster an uncursed scroll of enchant armor a cursed scroll of enchant weapon an uncursed scroll of fire a blessed scroll of genocide 2 uncursed scrolls of gold detection a blessed scroll of identify an uncursed scroll of identify a blessed scroll of light a cursed scroll of light an uncursed scroll of scare monster a cursed scroll of scare monster a blessed scroll of taming an uncursed scroll of taming a blessed scroll of teleportation 6 uncursed scrolls of teleportation an uncursed diluted potion of full healing an uncursed diluted potion of sickness 3 uncursed potions of booze an uncursed potion of confusion an uncursed potion of enlightenment 6 uncursed potions of extra healing a blessed potion of full healing 5 uncursed potions of full healing a cursed potion of full healing 2 uncursed potions of gain ability 3 cursed potions of gain level 6 uncursed potions of water a cursed -1 ring of adornment an uncursed ring of fire resistance an uncursed ring of invisibility an uncursed ring of poison resistance a blessed ring of polymorph a cursed ring of polymorph an uncursed ring of polymorph control an uncursed ring of polymorph control a blessed ring of see invisible an uncursed ring of see invisible an uncursed ring of see invisible an uncursed ring of shock resistance an uncursed ring of slow digestion an uncursed ring of stealth an uncursed ring of sustain ability an uncursed wand of cold (0:6) an uncursed wand of cold (0:5) an uncursed wand of cold (1:1) an uncursed wand of create monster (0:13) an uncursed wand of digging (0:8) a cursed wand of digging (0:8) a blessed wand of digging (0:7) an uncursed wand of digging (0:6) an uncursed wand of digging (0:6) an uncursed wand of digging (0:5) an uncursed wand of digging (0:5) an uncursed wand of digging (0:5) an uncursed wand of digging (0:5) an uncursed wand of digging (0:4) an uncursed wand of digging (0:4) a blessed wand of digging (0:3) an uncursed wand of digging (0:1) an uncursed wand of fire (0:6) an uncursed wand of fire (0:4) an uncursed wand of fire (2:0) an uncursed wand of lightning (0:5) an uncursed wand of lightning (0:4) an uncursed wand of lightning (0:0) a cursed wand of locking (0:2) an uncursed wand of magic missile (0:4) an uncursed wand of magic missile (0:3) an uncursed wand of make invisible (0:5) an uncursed wand of make invisible (0:2) an uncursed wand of probing (0:3) an uncursed wand of sleep (0:7) an uncursed wand of sleep (0:6) an uncursed wand of sleep (0:5) an uncursed wand of slow monster (0:5) an uncursed wand of slow monster (1:5) an uncursed wand of speed monster (0:6) an uncursed wand of striking (0:4) an uncursed wand of striking (0:3) an uncursed wand of wishing (1:0) an uncursed mirror an uncursed oil lamp (0:0) an uncursed stethoscope 4 uncursed tallow candles (0:200) a cursed partly used tallow candle (0:100) an uncursed partly used tallow candle named kek (0:151) an uncursed tinning kit (0:45) an uncursed tooled horn named Vladbane an uncursed +0 unicorn horn a cursed wax candle (0:400) 5 uncursed agate stones 6 uncursed amethyst stones an uncursed aquamarine stone 3 uncursed black opals 2 uncursed citrine stones 4 uncursed fluorite stones 7 uncursed garnet stones 7 uncursed jade stones 4 uncursed jasper stones 3 uncursed jet stones 2 uncursed obsidian stones 2 uncursed opals 2 uncursed rubies 2 uncursed sapphires 3 uncursed topaz stones Spells and supernatural/magical abilities: Name Level Category Fail Memory d - dig 5* matter 100% 0% V - teleportitis -- ability ? -- W - pray for help -- divine ? -- Your skills at the end: Fighting Skills bare handed combat [Basic] two weapon combat [Basic] Weapon Skills axe [Expert] short sword [Basic] saber [Basic] Spellcasting Skills Final Attributes: You were piously aligned. You were fire resistant. You were cold resistant. You were sleep resistant. You were disintegration-resistant. You were shock resistant. You were poison resistant. You were magic-protected. You resisted hallucinations. You saw invisible. You were telepathic. You were warned. You had infravision. You were invisible to others. You were stealthy. You could teleport. You had teleport control. You were protected. You were very fast. You had reflection. You had free action. You were wielding two weapons at once. You were lucky. You had extra luck. Good luck did not time out for you. You survived. Vanquished creatures: Asmodeus Baalzebub Orcus Juiblex The Wizard of Yendor (thrice) Death (twice Pestilence (twice Famine (twice a high priest 3 mastodons Medusa an iron golem 7 glass golems 2 balrogs Thoth Amon 6 purple worms a gray dragon 4 red dragons a white dragon 3 orange dragons 2 black dragons 4 blue dragons 5 yellow dragons 26 minotaurs 5 baluchitheria 23 Angels 2 demiliches Vlad the Impaler 3 stone golems 4 Olog-hai 2 Nazgul 7 pit fiends a sandestin 2 hell hounds 7 titanotheres a trapper a baby white dragon a guardian naga 32 vampire lords 6 shades 5 skeletons 36 aligned priests 5 captains 3 liches 3 water trolls 2 clay golems 10 nurses 9 ice devils 2 nalfeshnees 7 lurkers above 7 ettins a golden naga 6 black puddings 25 vampires 31 ghosts 6 lieutenants a barbarian a knight a monk a rogue 2 queen bees 4 winged gargoyles 2 mind flayers 14 giant mimics 5 zruties 3 fire giants 6 ogre kings 3 ice trolls 38 rock trolls 4 umber hulks 4 flesh golems 3 Elvenkings a doppelganger 17 hezrous 16 bone devils 7 large mimics 2 fire vortices 3 long worms 4 couatls 4 stalkers 10 air elementals 5 fire elementals 2 earth elementals 17 water elementals 6 hill giants 3 giant mummies 3 black nagas 5 xorns 18 giant zombies 15 elf-lords 13 sergeants a water demon 3 barbed devils 3 vrocks a salamander 11 wargs a winter wolf 11 hell hound pups 23 small mimics a glass piercer 4 warhorses 9 steam vortices 8 xans 2 ettin mummies 3 ogre lords 8 quantum mechanics 17 trolls 2 sasquatches 2 wood golems 2 erinyes 3 mariliths a djinni 4 sharks 6 gelatinous cubes 2 pyrolisks 4 large dogs 2 freezing spheres 4 flaming spheres 6 shocking spheres 3 large cats 8 tigers 4 gargoyles 3 tengu 11 ochre jellies 8 leocrottas 7 energy vortices 2 mountain centaurs a stone giant 3 elf mummies 2 human mummies a green slime 4 pit vipers 4 pythons 9 cobras 44 wraiths 3 carnivorous apes 15 ettin zombies a leather golem 16 Grey-elves 52 soldiers 3 horned devils 10 succubi 7 incubi 4 chameleons 2 crocodiles 8 giant beetles 3 quivering blobs 11 cockatrices 22 wolves 6 winter wolf cubs 3 lynxes a panther 34 gremlins 3 spotted jellies 49 leprechauns an orc-captain 4 iron piercers a mumak 11 giant spiders 8 scorpions 5 horses 5 black lights 7 vampire bats a forest centaur 5 gnome kings 6 orc mummies 2 dwarf mummies 60 ogres a brown pudding 5 rust monsters 8 owlbears 5 yetis a gold golem 9 Green-elves 10 giant eels 13 lizards 13 chickatrices 2 dogs a dingo 3 housecats 6 jaguars 3 dwarf lords 2 blue jellies 2 white unicorns 4 gray unicorns 5 dust vortices 3 ravens 4 plains centaurs 2 gnome mummies 5 snakes 4 water moccasins 11 apes 19 human zombies 2 rope golems 12 Woodland-elves 2 soldier ants a fire ant 21 bugbears 4 lemures 2 quasits 2 wood nymphs 5 water nymphs 2 Mordor orcs an Uruk-hai an orc shaman 4 rock piercers 3 rock moles 3 ponies 4 fog clouds 6 yellow lights 2 shriekers 5 violet fungi 15 gnome lords 4 gnomish wizards a kobold mummy a red naga hatchling a black naga hatchling 5 gray oozes 3 barrow wights 13 elf zombies 14 ghouls 3 straw golems 5 jellyfish 9 giant ants 2 little dogs 3 floating eyes 6 kittens 12 dwarves 4 kobold lords 2 kobold shamans 4 hill orcs 5 rothes 3 rabid rats a centipede 12 orc zombies 16 dwarf zombies 2 wererats 4 werejackals 10 iguanas 77 killer bees 6 acid blobs 7 coyotes 2 gas spores 6 hobbits 3 manes 2 large kobolds 16 hobgoblins 8 giant rats 9 cave spiders 3 brown molds 2 yellow molds a green mold 2 red molds 34 gnomes 5 garter snakes 16 gnome zombies 3 geckos 7 jackals 6 foxes 6 kobolds 9 goblins 2 sewer rats 13 grid bugs 5 bats 5 lichens 6 kobold zombies 7 newts 1858 creatures vanquished. Genocided species: master mind flayers liches demiliches master liches arch-liches rust monsters disenchanters jellyfish piranhas sharks giant eels electric eels krakens 13 species genocided. Voluntary challenges: You had been an atheist until turn 2713. You used a wielded weapon 3292 times, starting on turn 70. You read items or engraved 117 times, starting on turn 3965. You genocided 13 types of monsters, starting on turn 5651. You polymorphed 28 items, starting on turn 26145. You changed form 1 time, starting on turn 17896. You used 7 wishes, starting on turn 120. You wished for your your first artifact on turn 17782. You never split a pudding. You wrote Elbereth's name 1 time, starting on turn 22883. You violated your moral code, losing 505 points of alignment, starting on turn 3095. Dungeon overview: The Dungeons of Doom: levels 1 to 28 Level 1 a fountain, a sink stairs to The Elemental Planes Level 2 Level 3 (come back later, shop here) a general store Level 4 an armor shop, a sink stairs to The Gnomish Mines Level 5 Level 6 Level 7 a scroll shop, an altar to Set Level 8 a fountain Level 9 many fountains Level 10 a general store stairs to Sokoban Level 11 some fountains Level 12 Level 13 a fountain Level 14 a fountain Level 15 (Quest) portal to The Quest Level 16 a general store, a fountain Level 17 Level 18 Level 19 a fountain, a sink Level 20 Level 21 (leprohall) an altar to Crom, a sink Level 22 an altar to Crom Level 23 a fountain Level 24 a temple to Set Level 25 an altar to Crom, a fountain, a sink Level 26 an altar to Set Level 27 Level 28 Gehennom: levels 29 to 51 Level 29 a temple to Moloch stairs to The Dungeons of Doom Level 30 Level 31 Level 32 a fountain Level 33 Level 34 Level 35 Level 36 Level 37 Level 38 Level 39 (Rodney here) Level 40 stairs to Vlad's Tower Level 41 portal to Gehennom Level 42 Level 43 some shops, an altar to Moloch Level 44 Level 45 Level 46 Level 47 Level 48 Level 49 (Fakewiz tower) portal to Gehennom Level 50 (VS) Level 51 The Gnomish Mines: levels 5 to 10 Level 5 stairs to The Dungeons of Doom Level 6 Level 7 Level 8 many shops, a temple to Mitra, some fountains Level 9 Level 10 The Quest: levels 1 to 5 Level 1 portal to The Dungeons of Doom Level 2 Level 3 Level 4 Level 5 an altar to Crom Sokoban: levels 6 to 9 Level 6 Level 7 Level 8 Level 9 stairs to The Dungeons of Doom Vlad's Tower: levels 37 to 39 Level 37 Level 38 Level 39 stairs to Gehennom The Elemental Planes: Astral Plane <- You were here some high altars Plane 4 portal to The Elemental Planes Plane 3 portal to The Elemental Planes Plane 2 portal to The Elemental Planes Plane 1 portal to The Elemental Planes History has recorded: On T:1 you entered the Dungeons of Doom to retrieve the Amulet of Yendor! On T:88 you reached level 2 of The Dungeons of Doom. On T:120 you wished for "blessed fixed greased +2 gray dragon scale mail". On T:416 you reached level 3 of The Dungeons of Doom. On T:683 you advanced to experience level 2. On T:860 you reached level 4 of The Dungeons of Doom. On T:1193 you reached level 1 of The Gnomish Mines. On T:1313 you reached level 5 of The Dungeons of Doom. On T:1329 you advanced to experience level 3. On T:1476 you advanced to experience level 4. On T:1603 you reached level 2 of The Gnomish Mines. On T:1634 you advanced to experience level 5. On T:1996 you advanced to experience level 6. On T:2144 you reached level 3 of The Gnomish Mines. On T:2517 you reached level 4 of The Gnomish Mines. On T:2663 you advanced to experience level 7. On T:3078 you reached level 5 of The Gnomish Mines. On T:3338 you reached level 6 of The Gnomish Mines. On T:3408 you advanced to experience level 8. On T:4177 you reached level 6 of The Dungeons of Doom. On T:4700 you reached level 7 of The Dungeons of Doom. On T:4948 you reached level 8 of The Dungeons of Doom. On T:5248 you advanced to experience level 9. On T:5889 you reached level 9 of The Dungeons of Doom. On T:5907 you reached level 10 of The Dungeons of Doom. On T:6330 you reached level 11 of The Dungeons of Doom. On T:6411 you reached level 4 of Sokoban. On T:6681 you reached level 3 of Sokoban. On T:7339 you reached level 2 of Sokoban. On T:7828 you reached level 1 of Sokoban. On T:8271 you advanced to experience level 10. On T:10236 you reached level 12 of The Dungeons of Doom. On T:10420 you reached level 13 of The Dungeons of Doom. On T:10898 you reached level 14 of The Dungeons of Doom. On T:10995 you reached level 15 of The Dungeons of Doom. On T:11211 you reached level 1 of The Quest. On T:11421 you reached level 16 of The Dungeons of Doom. On T:11527 you reached level 17 of The Dungeons of Doom. On T:11678 you advanced to experience level 11. On T:12022 you reached level 18 of The Dungeons of Doom. On T:12315 you reached level 19 of The Dungeons of Doom. On T:12658 you reached level 20 of The Dungeons of Doom. On T:12840 you advanced to experience level 13. On T:12841 you advanced to experience level 14. On T:13086 you embarked upon an epic quest. On T:13112 you reached level 2 of The Quest. On T:13269 you reached level 3 of The Quest. On T:13672 you reached level 4 of The Quest. On T:13911 you reached level 5 of The Quest. On T:14032 you killed Thoth Amon on level 5 of The Quest. On T:14275 you completed the quest! On T:14888 you reached level 21 of The Dungeons of Doom. On T:15518 you reached level 22 of The Dungeons of Doom. On T:15816 you reached level 23 of The Dungeons of Doom. On T:16046 you reached level 24 of The Dungeons of Doom. On T:16577 you reached level 25 of The Dungeons of Doom. On T:16771 you reached level 26 of The Dungeons of Doom. On T:16796 you advanced to experience level 15. On T:16834 you advanced to experience level 16. On T:17013 you reached level 27 of The Dungeons of Doom. On T:17042 you reached The Castle. On T:17067 you killed Medusa on level 27 of The Dungeons of Doom. On T:17782 you wished for "blessed +2 Grayswandir". On T:17918 you wished for "blessed greased fixed ring of free action". On T:18165 you wished for "blessed fixed greased master key of thievery". On T:18178 you wished for "blessed fixed greased +2 gauntlets of power". On T:20244 you reached The Valley of the Dead. On T:20779 you reached level 2 of Gehennom. On T:21017 you reached level 3 of Gehennom. On T:21021 you reached level 4 of Gehennom. On T:22024 you wished for "blessed fixed greased ring of levitation". On T:22147 you killed Juiblex on level 4 of Gehennom. On T:22274 you reached level 5 of Gehennom. On T:22296 you reached level 6 of Gehennom. On T:22433 you wished for "blessed fixed greased +2 shield of reflection". On T:22722 you reached level 7 of Gehennom. On T:23000 you killed Asmodeus on level 4 of Gehennom. On T:23279 you reached level 8 of Gehennom. On T:23616 you advanced to experience level 17. On T:23659 you reached level 9 of Gehennom. On T:24461 you killed Baalzebub on level 9 of Gehennom. On T:24566 you reached level 10 of Gehennom. On T:24875 you reached level 11 of Gehennom. On T:25434 you reached level 12 of Gehennom. On T:25719 you reached level 3 of Vlad's Tower. On T:25811 you reached level 2 of Vlad's Tower. On T:25877 you reached level 1 of Vlad's Tower. On T:26037 you killed Vlad the Impaler on level 1 of Vlad's Tower. On T:26188 you reached level 13 of Gehennom. On T:26740 you reached level 14 of Gehennom. On T:27091 you reached level 15 of Gehennom. On T:27104 you reached level 16 of Gehennom. On T:27465 you reached level 17 of Gehennom. On T:27593 you killed Orcus on level 15 of Gehennom. On T:27762 you advanced to experience level 18. On T:28906 you reached level 18 of Gehennom. On T:29165 you reached level 19 of Gehennom. On T:29197 you reached level 20 of Gehennom. On T:29873 you reached level 21 of Gehennom. On T:30119 you reached level 22 of Gehennom. On T:30777 you killed Wizard of Yendor on level 11 of Gehennom. On T:30954 you performed the invocation. On T:30955 you reached level 23 of Gehennom. On T:31108 you killed high priestess of Moloch on level 23 of Gehennom. On T:31110 you gained the Amulet of Yendor! On T:31114 you lost the Amulet of Yendor. On T:31115 you gained the Amulet of Yendor! On T:32351 you killed Wizard of Yendor on level 12 of The Dungeons of Doom. On T:32620 you reached the Plane of Earth. On T:32621 you killed Wizard of Yendor on the Plane of Earth. On T:32677 you reached the Plane of Air. On T:32727 you reached the Plane of Fire. On T:32768 you reached the Plane of Water. On T:32891 you reached the Astral Plane. On T:32917 you killed Pestilence on the Astral Plane. On T:32954 you killed Famine on the Astral Plane. On T:33018 you killed Death on the Astral Plane. On T:33024 you killed Famine on the Astral Plane. On T:33067 you lost the Amulet of Yendor. On T:33067 you offered the Amulet of Yendor to Set and ascended to the status of Demigod! Score breakdown: Gold: 622 ( 9505 points) Experience: 18 levels (22969 points) Exploration: 51 levels (100.00%) (30000 points) Discoveries: 122 items ( 49.59%) (21126 points) Valuables value: 51700 (16033 points) Artifact value: 34000 (15414 points) Variety of kills: 267 monsters ( 70.08%) (25113 points) Turncount: 33067 turns (-4145 points) Survival: ascended (score multiplied by 200%) Total score: 272030 Latest messages: You succeed in locking the door. You take off your ring of conflict. You put a cursed potion of full healing into the bag of holding. You put 2 uncursed scrolls of gold detection into the bag of holding. You put a scroll of create monster into the bag of holding. You offer the Amulet of Yendor to Set... An invisible choir sings, and you are bathed in radiance... The voice of Set booms: "Congratulations, mortal!" "In return for thy service, I grant thee the gift of Immortality!" You ascend to the status of Demigod... Final status: Goodbye GagarinX the Demigod, ascended... You went to your reward with 272030 points, Grayswandir (worth 8000 zorkmids) The Book of the Dead (worth 10000 zorkmids) The Candelabrum of Invocation (worth 5000 zorkmids) The Heart of Ahriman (worth 2500 zorkmids) The Bell of Opening (worth 5000 zorkmids) The Master Key of Thievery (worth 3500 zorkmids) 7 garnet stones (worth 4900 zorkmids), 7 jade stones (worth 2100 zorkmids), 6 amethyst stones (worth 3600 zorkmids), 5 agate stones (worth 1000 zorkmids), 4 jasper stones (worth 2000 zorkmids), 4 fluorite stones (worth 1600 zorkmids), 3 rubies (worth 10500 zorkmids), 3 black opals (worth 7500 zorkmids), 3 topaz stones (worth 2700 zorkmids), 3 jet stones (worth 2550 zorkmids), 2 sapphires (worth 6000 zorkmids), 2 citrine stones (worth 3000 zorkmids), 2 opals (worth 1600 zorkmids), 2 obsidian stones (worth 400 zorkmids), 1 aquamarine stone (worth 1500 zorkmids), 4 amulets of life saving (worth 600 zorkmids), 1 amulet of reflection (worth 150 zorkmids), and 622 pieces of gold, after 33067 moves. You were level 18 with a maximum of 285 hit points when you ascended.